 Dungeon Crawl Stone Soup version 0.23-a0-712-g3a644c0 (webtiles) character file.

15211 Inarius the Covert (level 11, -10/53 HPs)
             Began as a Felid Berserker on Jan 15, 2019.
             Was a High Priest of Trog.
             Mangled by a four-headed hydra (13 damage)
             ... on level 2 of the Lair of Beasts.
             The game lasted 00:34:42 (19627 turns).

Inarius the Covert (Felid Berserker)               Turns: 19627, Time: 00:34:46

Health: -10/53     AC:  2    Str: 16    XL:     11   Next: 98%
Magic:  12/12      EV: 27    Int:  8    God:    Trog [*****.]
Gold:   26         SH:  3    Dex: 17    Spells: 10/10 levels left
                                        Lives:  0   Deaths: 3

rFire    . . .     SeeInvis +     - Unarmed
rCold    . . .     Gourm    .   (shield unavailable)
rNeg     + . .     Faith    .   (armour unavailable)
rPois    .         Spirit   .   (helmet unavailable)
rElec    .         Reflect  +   (cloak unavailable)
rCorr    .         Harm     .   (gloves unavailable)
MR       +....                  (boots unavailable)
Stlth    ++++++....             E - +3 amulet of reflection
HPRegen  0.17/turn              B - ring of positive energy
MPRegen  0.13/turn              (no ring)

@: quick
A: very small, no armour, no weapons or thrown items, stealth, claws 1, fangs 3,
see invisible, carnivore, speed 1, shaggy fur 2, slow metabolism 1, sharp paws
a: Berserk, Trog's Hand, Brothers in Arms, Renounce Religion


You were on level 2 of the Lair of Beasts.
You worshipped Trog.
Trog was extremely pleased with you.
You were completely stuffed.

You visited 3 branches of the dungeon, and saw 16 of its levels.
You also visited: Sewer.

You collected 663 gold pieces.
You spent 637 gold pieces at shops.

Inventory:

Jewellery
 r - an uncursed ring of wizardry
 w - an uncursed amulet of the acrobat
 z - a cursed ring of ice
 B - a ring of positive energy (left paw)
 E - a +3 amulet of reflection (around neck)
Wands
 D - a wand of paralysis (7)
 F - a wand of flame (10)
 G - a wand of digging (6)
Scrolls
 c - a scroll of blinking {unknown}
 d - 4 scrolls of teleportation
 e - 3 scrolls of fog
 j - 6 scrolls of immolation
 m - 4 scrolls of fear
 p - 3 scrolls of enchant armour
 s - a scroll of brand weapon {unknown}
 t - a scroll of silence {unknown}
 y - 2 scrolls of remove curse
 A - a scroll of identify
Potions
 b - 5 potions of agility
 f - 3 potions of invisibility
 g - 4 potions of might
 h - a potion of curing
 i - a potion of brilliance
 k - 6 potions of heal wounds
 l - 2 potions of lignification {unknown}
 n - 5 potions of magic {unknown}
 o - 3 potions of mutation
 q - 2 potions of flight {unknown}
 u - a potion of resistance {unknown}
 v - a potion of berserk rage {unknown}
 x - a potion of degeneration {unknown}
 C - 3 potions of haste
Miscellaneous
 H - a phantom mirror
Comestibles
 a - 23 rations
 I - 5 chunks of flesh


   Skills:
 * Level 9.3 Fighting
 + Level 11.1 Dodging
 + Level 13.9 Stealth
 + Level 13.5 Unarmed Combat


You had 10 spell levels left.
You didn't know any spells.
Your spell library was empty.

Dungeon Overview and Level Annotations

Branches:
Dungeon (13/15)            Temple (1/1) D:5            Lair (2/6) D:10
  Swamp: Lair:2-4    Shoals: Lair:2-4     Snake: Lair:2-4    Spider: Lair:2-4
    Orc: D:9-12      Vaults: D:13-14

Altars:
Dithmenos
Elyvilon
Fedhas
Qazlal
Trog
Vehumet
Yredelemnul
The Shining One

Shops:
D:11 !

Annotations:
D:13 Nessos


Innate Abilities, Weirdness & Mutations

You cannot wear armour.
You are incapable of wielding weapons or throwing items.
Your paws allow you to move quietly. (Stealth)
You have sharp claws.
You have razor-sharp teeth.
You have supernaturally acute eyesight. (SInv)
You are carnivorous and can eat meat at any time.
You cover ground quickly.
You are covered in thick fur. (AC +2)
You have a slow metabolism.
Your sharp claws are effective at attacking unaware monsters.


Message History

The water moccasin completely misses you.
The water moccasin misses you.
You mangle the water moccasin!! Your claw misses the water moccasin.
The water moccasin is severely wounded.
The water moccasin misses you.
You claw the water moccasin!
You kill the water moccasin!
Trog accepts your kill.
You barely miss the four-headed hydra. The four-headed hydra bites you!
The four-headed hydra completely misses you.
The four-headed hydra bites you!
The four-headed hydra completely misses you.
You claw the four-headed hydra! You bite the four-headed hydra.
The four-headed hydra is moderately wounded.
The four-headed hydra bites you!
The four-headed hydra closely misses you.
The four-headed hydra bites you!
* * * LOW HITPOINT WARNING * * *
The four-headed hydra bites you!
You die...

.....# .....# #.....#
##.....# ##......#
..####P......#
......†......#
......D@.....#
.#.#+.#......#
....#......#
#...........#
#...........#
##.##.......#
............#
..PP........#
S..................##


You could see a four-headed hydra.

Vanquished Creatures
  Fannar (D:11)
  Erolcha (D:9)
  Harold (D:9)
  Urug (D:13)
  Nergalle (D:11)
  A wolf spider zombie (D:11)
  Pikel (D:5)
  A manticore (D:11)
  Joseph (D:8)
  A black mamba (Lair:2)
  A spiny frog (Lair:2)
  5 komodo dragons
  A queen bee (D:8)
  4 trolls
  Prince Ribbit (D:5)
  8 blink frogs
  2 hippogriffs
  A vampire (D:10)
  A wyvern (Lair:2)
  3 basilisks
  Grum (D:9)
  Eustachio (D:5)
  3 hungry ghosts
  Edmund (D:4)
  2 porcupines (Lair:2)
  5 water moccasins
  4 ice beasts
  2 orc warriors
  A black bear (D:6)
  4 slaves
  3 phantoms
  3 sky beasts
  7 ogres
  4 wolves
  3 centaurs
  2 crocodiles (Lair:1)
  2 big kobolds
  9 bullfrogs
  6 scorpions
  14 killer bees (D:8)
  4 wights
  8 howler monkeys
  10 crimson imps
  A bullfrog zombie (D:7)
  A centaur zombie (D:9)
  5 hounds
  4 orc priests
  A gnoll shaman (D:7)
  A centaur skeleton (D:4)
  A bullfrog skeleton (D:11)
  A jelly (D:7)
  14 orc wizards
  Jessica (D:2)
  Natasha (thrice) (D:4)
  6 iguanas
  6 worker ants
  A hound zombie (D:11)
  A hound skeleton (D:11)
  A howler monkey zombie (D:7)
  2 worker ant zombies
  7 gnolls
  A howler monkey skeleton (D:8)
  17 adders
  2 river rats
  4 shadow imps
  6 oozes
  4 adder zombies
  3 adder skeletons
  8 worms
  A dart slug (D:3)
  7 leopard geckos
  28 orcs
  6 giant cockroaches
  8 goblins
  7 hobgoblins
  9 jackals
  9 kobolds
  2 quokkas
  8 ball pythons
  5 bats
  5 frilled lizards
  A leopard gecko skeleton (D:5)
  12 rats
346 creatures vanquished.

Vanquished Creatures (collateral kills)
  A hydra (Lair:1)
  A spiny frog (Lair:1)
2 creatures vanquished.

Vanquished Creatures (others)
  2 fungi (Lair:1)
2 creatures vanquished.

Grand Total: 350 creatures vanquished

Notes
Turn   | Place    | Note
-------+----------+-------------------------------------------
     0 | D:1      | Inarius the Felid Berserker began the quest for the Orb.
     0 | D:1      | Reached XP level 1. HP: 10/10 MP: 2/2
     3 | D:1      | Noticed an electric eel
     3 | D:1      | Noticed an electric eel
   465 | D:1      | Reached skill level 1 in Stealth
   558 | D:1      | Reached XP level 2. HP: 14/14 MP: 3/3
  1269 | D:2      | Reached XP level 3. HP: 17/17 MP: 4/4
  1472 | D:1      | Reached ** piety under Trog
  1552 | D:2      | Noticed Jessica
  1564 | D:2      | Killed Jessica
  2007 | D:1      | Reached XP level 4. HP: 18/21 MP: 5/5
  2073 | D:2      | Noticed an earth elemental
  2075 | D:2      | Found a stormy altar of Qazlal.
  2076 | D:2      | Noticed an air elemental
  2076 | D:2      | Noticed a water elemental
  2076 | D:2      | Noticed a fire elemental
  3120 | D:3      | Reached XP level 5. HP: 25/25 MP: 6/6
  3665 | D:4      | Found a bloodstained altar of Trog.
  3695 | D:4      | Noticed Natasha
  4007 | D:4      | Gained mutation: You are covered in thick fur. (AC +2)
                  | [Felid growth]
  4007 | D:4      | Reached XP level 6. HP: 19/28 MP: 7/7
  4009 | D:4      | Killed Natasha
  4011 | D:4      | Noticed Natasha
  4018 | D:4      | Killed Natasha
  4018 | D:4      | Reached skill level 5 in Dodging
  4115 | D:4      | Reached skill level 5 in Unarmed Combat
  4402 | D:4      | Noticed Natasha
  4406 | D:4      | Killed Natasha
  4406 | D:4      | Reached skill level 5 in Stealth
  4500 | D:5      | Entered Level 5 of the Dungeon
  4500 | D:5      | Found a glowing drain.
  4500 | D:5      | Noticed an ice beast
  4571 | D:5      | Noticed a slave
  4573 | D:5      | Noticed a slave
  4659 | D:5      | HP: 1/28 [worm (11)]
  4662 | D:5      | Slain by a river rat
  4663 | D:5      | Reached XP level 5. HP: -3/25 MP: 6/6
  4725 | Sewer    | Entered a sewer
  4897 | Sewer    | Reached XP level 6. HP: 9/29 MP: 7/7
  5282 | Sewer    | Reached *** piety under Trog
  5695 | D:5      | Noticed Edmund
  5695 | D:5      | Noticed a water moccasin
  5853 | D:5      | Noticed Eustachio
  5862 | D:5      | Killed Eustachio
  5862 | D:5      | Reached XP level 7. HP: 30/33 MP: 8/8
  6293 | D:4      | HP: 1/33 [Edmund/+2 flail of holy wrath (11)]
  6294 | D:4      | Killed Edmund
  6294 | D:4      | Reached skill level 5 in Fighting
  6442 | D:5      | Found the +3 robe of Clouds {+Thunder rCloud rElec}
  6558 | D:5      | Noticed Pikel
  6558 | D:5      | Noticed Prince Ribbit
  6729 | D:4      | HP: 1/33 [ice beast (12)]
  6755 | D:4      | Reached XP level 8. HP: 16/37 MP: 9/9
  7423 | D:5      | HP: 1/37 [scorpion (9)]
  7426 | D:5      | Mangled by a scorpion
  7427 | D:5      | Reached XP level 7. HP: -6/33 MP: 8/8
  7868 | D:6      | Reached XP level 8. HP: 32/38 MP: 9/9
  8887 | D:7      | Reached **** piety under Trog
  9003 | D:7      | Reached XP level 9. HP: 25/41 MP: 10/10
  9960 | D:5      | Killed Prince Ribbit
 10621 | D:5      | Found a staircase to the Ecumenical Temple.
 10630 | Temple   | Entered the Ecumenical Temple
 10683 | D:5      | Killed Pikel
 10683 | D:5      | Reached skill level 10 in Stealth
 10683 | D:5      | Reached skill level 10 in Unarmed Combat
 10819 | D:8      | Found a blossoming altar of Fedhas.
 10838 | D:8      | Noticed Joseph
 10852 | D:8      | Killed Joseph
 11133 | D:8      | Reached XP level 10. HP: 33/47 MP: 11/11
 11453 | D:8      | Found a white marble altar of Elyvilon.
 12535 | D:9      | Noticed Grum
 12974 | D:9      | Noticed Erolcha
 12981 | D:9      | Killed Erolcha
 13000 | D:9      | Noticed Harold
 13031 | D:9      | Killed Harold
 13048 | D:9      | Reached ***** piety under Trog
 13093 | D:9      | Killed Grum
 13173 | D:9      | Slain by a wolf
 13174 | D:9      | Reached XP level 9. HP: -2/43 MP: 10/10
 13564 | D:9      | Reached XP level 10. HP: 48/48 MP: 11/11
 14095 | D:9      | Found a radiant altar of Vehumet.
 14095 | D:9      | Found a basalt altar of Yredelemnul.
 14370 | D:10     | Entered Level 10 of the Dungeon
 14941 | D:10     | Found a staircase to the Lair.
 15580 | D:11     | Noticed Nergalle
 15582 | D:11     | You fall through a shaft for 2 floors!
 15594 | D:13     | Noticed Nessos
 15604 | D:13     | Noticed a two-headed ogre
 15604 | D:13     | Noticed a two-headed ogre
 15604 | D:13     | Noticed an ogre mage
 15611 | D:13     | Noticed Urug
 15611 | D:13     | Killed Urug
 16378 | D:11     | Found Gatoruim's Distillery.
 16381 | D:11     | Reached skill level 10 in Dodging
 16413 | D:11     | Bought 2 potions of invisibility for 208 gold pieces
 16413 | D:11     | Bought a potion of heal wounds for 65 gold pieces
 16413 | D:11     | Bought a potion of mutation for 104 gold pieces
 16440 | D:11     | Killed Nergalle
 16544 | D:11     | Reached XP level 11. HP: 49/52 MP: 12/12
 16604 | D:11     | Noticed Fannar
 16613 | D:11     | Killed Fannar
 17522 | Lair:1   | Entered Level 1 of the Lair of Beasts
 17931 | Lair:1   | HP: 2/52 [poisoned by a water moccasin]
 17938 | Lair:1   | HP: 1/52 [poisoned by a water moccasin]
 18242 | Lair:1   | Noticed a six-headed hydra
 18270 | Lair:1   | Killed a six-headed hydra
 19515 | D:11     | Bought 2 potions of haste for 260 gold pieces
 19622 | Lair:2   | Noticed a four-headed hydra
 19627 | Lair:2   | Mangled by a four-headed hydra

Vault maps used:
D:1:      arrival_aquarium_b
D:2:      first_ration, nicolae_qazlal_style_of_elements, uniq_jessica
D:3:      kennysheep_generic_room_6
D:4:      lemuel_crystal_altar, uniq_natasha
D:5:      minmay_temple_entry_poolview, portal_sewer_entry_a,
          chequers_serial_rivers_room_b, uniq_edmund, uniq_eustachio,
          uniq_pikel, uniq_prince_ribbit1
D:6:      kennysheep_generic_room_5
D:7:      chequers_serial_rivers_room_a
D:8:      fedhas_altar_1, david_nohive_1, elyvilon_altar_5, uniq_joseph
D:9:      minmay_flawed_box, amethyst_overflow_temple_binary,
          minmay_misc_feat_four_crosses, kennysheep_another_room,
          minmay_misc_feat_encased, uniq_grum, uniq_harold, uniq_erolcha
D:10:     lair_entry_dummy
D:11:     serial_shops, nicolae_shop_statue_plus, uniq_nergalle, uniq_fannar
D:12:     david_orc_3
D:13:     lightli_vaults_fourway_checkpoint, gauntlet_entry_generic,
          serial_shops, nicolae_shop_trees, uniq_frances, uniq_nessos, uniq_urug
Temple:   compressed_dpeg_circular_temple
Lair:1:   st_stairs_6
Sewer:    sewer_co_15_rooms

Skill      XL: |  1  2  3  4  5  6  7  8  9 10 11 |
---------------+----------------------------------+-----
Stealth        | 1 2 3 4 6 8 10 12 13 | 13.9
Unarmed Combat | 4 6 8 9 10 12 13 | 13.5
Fighting       | 4 5 6 7 8 9 |  9.3
Dodging        | 5 6 7 8 10 11 | 11.1

Action                   |  1- 3 |  4- 6 |  7- 9 | 10-12 || total
-------------------------+-------+-------+-------+-------++-------
Melee: Unarmed           |    99 |   266 |   426 |   492 ||  1283
       Bite              |     6 |    23 |    44 |    59 ||   132
       Punch             |     3 |     6 |    14 |    27 ||    50
Invok: Berserk           |     1 |       |     3 |     1 ||     5
       Trog's Hand       |       |     6 |     6 |    11 ||    23
       Brothers in Arms  |       |       |       |     1 ||     1
  Use: Scroll            |       |    10 |     6 |     8 ||    24
       Potion            |       |     3 |       |     3 ||     6
 Stab: Sleeping          |     7 |    10 |    18 |    28 ||    63
       Distracted        |       |       |     3 |     2 ||     5
  Eat: Chunk             |    10 |    15 |    27 |    23 ||    75
Armor: Skin              |     2 |    11 |     9 |    11 ||    33
Dodge: Dodged            |    75 |   223 |   354 |   539 ||  1191
Block: Other             |       |       |       |     2 ||     2

Table legend:
 A = Non-vault XP
 B = Vault XP
 C = Vault XP percentage of total XP
 D = Non-vault monster count
 E = Vault monster count
 F = Vault count percentage of total count
                 A         B        C        D         E       F
            +---------+---------+-------+---------+---------+-------
      Total |   18404 |    9295 |  33.6 |     276 |      68 |  19.8
            +---------+---------+-------+---------+---------+-------
        D:1 |      47 |       0 |   0.0 |      29 |       0 |   0.0
        D:2 |      41 |      37 |  47.4 |      13 |       1 |   7.1
        D:3 |     113 |      16 |  12.4 |      21 |       2 |   8.7
        D:4 |     398 |     192 |  32.5 |       9 |       2 |  18.2
        D:5 |     716 |    1077 |  60.1 |      28 |       6 |  17.6
        D:6 |    1427 |     184 |  11.4 |      27 |       2 |   6.9
        D:7 |    1315 |       0 |   0.0 |      32 |       0 |   0.0
        D:8 |     314 |    1770 |  84.9 |      10 |      17 |  63.0
        D:9 |    1475 |    2801 |  65.5 |      28 |      14 |  33.3
       D:10 |    1787 |       0 |   0.0 |      26 |       0 |   0.0
       D:11 |    2887 |    1825 |  38.7 |      20 |       2 |   9.1
       D:12 |     174 |       0 |   0.0 |       3 |       0 |   0.0
       D:13 |     382 |     824 |  68.3 |       2 |       1 |  33.3
     Lair:1 |    4546 |     355 |   7.2 |      17 |       1 |   5.6
     Lair:2 |    2782 |       0 |   0.0 |      11 |       0 |   0.0
      Sewer |       0 |     214 | 100.0 |       0 |      20 | 100.0
            +---------+---------+-------+---------+---------+-------
